TOP OF THE 1ST |
Niagara Falls Frenzy batting - Pitching for Baffin Island Beavers : LHP Jaime Guzmán
|
Pitching: LHP Jaime Guzmán
|
|
Batting: RHB Hidetada Kichida
|
0-0: Bunt for hit - play at first, batter safe!
|
Batting: RHB Zander Tremblett
|
0-0: Ball 1-0: Swinging Strike 1-1: Ball 2-1: Foul Ball, location: 2F 2-2: Foul Ball, location: 2F 2-2: Foul Ball, location: 2F 2-2: Strikes out swinging
|
Batting: LHB Dante Owens
|
0-0: Ball 1-0: Ball 2-0: Ball 3-0: Base on Balls Hidetada Kichida to second
|
Batting: SHB Martín De Jesús
|
0-0: Ball 1-0: Called Strike 1-1: Swinging Strike 1-2: Ball 2-2: SINGLE (Line Drive, 9LM) Hidetada Kichida to third Dante Owens to second
|
Batting: RHB Ángel Hinojosa
|
0-0: Called Strike 0-1: Swinging Strike 0-2: Ball 1-2: Strikes out swinging
|
Batting: LHB Bill Hall
|
0-0: Ball 1-0: Ball 2-0: Foul Ball, location: 2F 2-1: Ball 3-1: Base on Balls Hidetada Kichida scores Dante Owens to third Martín De Jesús to second
|
Batting: RHB Luther Stoffels
|
0-0: Ball 1-0: Fly out, F9 (Flyball, 9M)
|
Top of the 1st over - 1 run(s), 2 hit(s), 0 error(s), 3 left on base; Niagara Falls 1 - Baffin Island 0 |
BOTTOM OF THE 1ST |
Baffin Island Beavers batting - Pitching for Niagara Falls Frenzy : RHP Étienne Garcia
|
Pitching: RHP Étienne Garcia
|
|
Batting: LHB Chris Bates
|
0-0: Ball 1-0: Called Strike 1-1: Ground out 6-3 (Groundball, 6M)
|
Batting: LHB Jeff Cole
|
0-0: Ball 1-0: Ball 2-0: Ball 3-0: Called Strike 3-1: Base on Balls
|
Batting: RHB Dave Craig
|
0-0: Called Strike 0-1: Foul Ball, location: 2F 0-2: Ball 1-2: Strikes out swinging
|
Batting: LHB Lorenzo Villa
|
0-0: Called Strike 0-1: Foul Ball, location: 2F 0-2: Ball 1-2: SINGLE (Groundball, 4M) Jeff Cole to second Runner from 2nd tries for 3rd, SAFE, throw made to third
|
Batting: LHB Mario García
|
0-0: Foul Ball, location: 2F 0-1: Called Strike 0-2: Foul Ball, location: 2F 0-2: Foul Ball, location: 2F 0-2: Strikes out swinging
|
Bottom of the 1st over - 0 run(s), 1 hit(s), 0 error(s), 2 left on base; Niagara Falls 1 - Baffin Island 0 |
TOP OF THE 2ND |
Niagara Falls Frenzy batting - Pitching for Baffin Island Beavers : LHP Jaime Guzmán
|
Batting: RHB Keitaro Suzuki
|
0-0: Ball 1-0: DOUBLE (Flyball, 7D)
|
Batting: RHB Jung-ha Kim
|
0-0: Called Strike 0-1: Foul Ball, location: 2F 0-2: Ball 1-2: Foul Ball, location: 2F 1-2: Ground out 5-3 (Groundball, 56)
|
Batting: RHB Hidetada Kichida
|
0-0: Ground out 4-3 (Groundball, 4) Keitaro Suzuki to third
|
Batting: RHB Zander Tremblett
|
0-0: Called Strike 0-1: SINGLE (Groundball, 56) Keitaro Suzuki scores
|
Batting: LHB Dante Owens
|
0-0: Called Strike 0-1: Ball 1-1: Swinging Strike 1-2: Ball 2-2: Ball 3-2: Base on Balls Zander Tremblett to second
|
Batting: SHB Martín De Jesús
|
0-0: Ball 1-0: Called Strike 1-1: SINGLE (Flyball, 8RS) Zander Tremblett to third Dante Owens to second Runner from 3rd tries for Home, throw and OUT!
|
Top of the 2nd over - 1 run(s), 3 hit(s), 0 error(s), 2 left on base; Niagara Falls 2 - Baffin Island 0 |
BOTTOM OF THE 2ND |
Baffin Island Beavers batting - Pitching for Niagara Falls Frenzy : RHP Étienne Garcia
|
Batting: LHB Keng-chi Lao
|
0-0: Called Strike 0-1: Ball 1-1: SINGLE (Groundball, 6MD)
|
Batting: LHB José Berroa
|
0-0: Ball Keng-chi Lao steals 2nd base 1-0: Ball 2-0: Called Strike 2-1: Ball 3-1: Ground out 2-3 (Groundball, 2L) Keng-chi Lao to third
|
Batting: LHB Mike MacFadden
|
0-0: Called Strike 0-1: Ball 1-1: Swinging Strike 1-2: Strikes out swinging
|
Batting: RHB Mario López
|
0-0: Ground out 1-3 (Groundball, 15)
|
Bottom of the 2nd over - 0 run(s), 1 hit(s), 0 error(s), 1 left on base; Niagara Falls 2 - Baffin Island 0 |
TOP OF THE 3RD |
Niagara Falls Frenzy batting - Pitching for Baffin Island Beavers : LHP Jaime Guzmán
|
Batting: RHB Ángel Hinojosa
|
0-0: Called Strike 0-1: Foul Ball, location: 2F 0-2: Ball 1-2: Ground out 6-3 (Groundball, 6)
|
Batting: LHB Bill Hall
|
0-0: Called Strike 0-1: Ball 1-1: Called Strike 1-2: Ground out 4-3 (Groundball, 4M)
|
Batting: RHB Luther Stoffels
|
0-0: Called Strike 0-1: Ball 1-1: Called Strike 1-2: Ball 2-2: Strikes out swinging
|
Top of the 3rd over - 0 run(s), 0 hit(s), 0 error(s), 0 left on base; Niagara Falls 2 - Baffin Island 0 |
BOTTOM OF THE 3RD |
Baffin Island Beavers batting - Pitching for Niagara Falls Frenzy : RHP Étienne Garcia
|
Batting: LHB Chris Bates
|
0-0: Ball 1-0: Ball 2-0: Foul Ball, location: 2F 2-1: Swinging Strike 2-2: Foul Ball, location: 2F 2-2: Fly out, F8 (Flyball, 8RM)
|
Batting: LHB Jeff Cole
|
0-0: Foul Ball, location: 2F 0-1: Foul Ball, location: 2F 0-2: Ball 1-2: Ball 2-2: Ball 3-2: DOUBLE (Flyball, 78D)
|
Batting: RHB Dave Craig
|
0-0: Called Strike 0-1: Ground out 6-3 (Groundball, 56)
|
Batting: LHB Lorenzo Villa
|
0-0: Foul Ball, location: 2F 0-1: Ball 1-1: Ball 2-1: Ground out 4-3 (Groundball, 4)
|
Bottom of the 3rd over - 0 run(s), 1 hit(s), 0 error(s), 1 left on base; Niagara Falls 2 - Baffin Island 0 |
TOP OF THE 4TH |
Niagara Falls Frenzy batting - Pitching for Baffin Island Beavers : LHP Jaime Guzmán
|
Batting: RHB Keitaro Suzuki
|
0-0: Foul Ball, location: 2F 0-1: Ball 1-1: Swinging Strike 1-2: Ball 2-2: Ball 3-2: Ground out 4-3 (Groundball, 13)
|
Batting: RHB Jung-ha Kim
|
0-0: Ball 1-0: DOUBLE (Line Drive, 7LM)
|
Batting: RHB Hidetada Kichida
|
0-0: Ball 1-0: Ball 2-0: SINGLE (Groundball, 56D) Jung-ha Kim to third Runner from 3rd tries for Home, SAFE, no throw or cutoff
|
Batting: RHB Zander Tremblett
|
0-0: Called Strike 0-1: Ball 1-1: Ball 2-1: Foul Ball, location: 2F 2-2: Strikes out swinging
|
Batting: LHB Dante Owens
|
0-0: Called Strike 0-1: Foul Ball, location: 2F 0-2: SINGLE (Groundball, 34D) (infield hit) Hidetada Kichida to second
|
Batting: SHB Martín De Jesús
|
0-0: Called Strike 0-1: Ball 1-1: Foul Ball, location: 2F 1-2: Strikes out swinging
|
Top of the 4th over - 1 run(s), 3 hit(s), 0 error(s), 2 left on base; Niagara Falls 3 - Baffin Island 0 |
BOTTOM OF THE 4TH |
Baffin Island Beavers batting - Pitching for Niagara Falls Frenzy : RHP Étienne Garcia
|
Batting: LHB Mario García
|
0-0: Foul Ball, location: 2F 0-1: Foul Ball, location: 2F 0-2: Fly out, F6 (Popup, 6MD)
|
Batting: LHB Keng-chi Lao
|
0-0: Called Strike 0-1: Ball 1-1: Ball 2-1: SINGLE (Groundball, 34)
|
Batting: LHB José Berroa
|
0-0: Ball 1-0: Foul Ball, location: 2F 1-1: Called Strike Keng-chi Lao steals 2nd base 1-2: Ground out 3-6 (Groundball, 3) Keng-chi Lao to third
|
Batting: LHB Mike MacFadden
|
0-0: Ball 1-0: Called Strike 1-1: Foul Ball, location: 2F 1-2: Ball 2-2: SINGLE (Line Drive, 8RS) Keng-chi Lao scores
|
Batting: RHB Mario López
|
0-0: Foul Ball, location: 2F 0-1: Swinging Strike 0-2: Fielders Choice at 2nd, U6 (Groundball, 6M)
|
Bottom of the 4th over - 1 run(s), 2 hit(s), 0 error(s), 1 left on base; Niagara Falls 3 - Baffin Island 1 |
TOP OF THE 5TH |
Niagara Falls Frenzy batting - Pitching for Baffin Island Beavers : LHP Jaime Guzmán
|
Pitching: RHP Juan Gonzáles
|
|
Batting: RHB Ángel Hinojosa
|
0-0: Foul Ball, location: 2F 0-1: Ball 1-1: Foul Ball, location: 2F 1-2: Ground out 6-3 (Groundball, 6)
|
Batting: LHB Bill Hall
|
0-0: Ball 1-0: Ground out 1-3 (Groundball, 13)
|
Batting: RHB Luther Stoffels
|
0-0: Foul Ball, location: 2F 0-1: Swinging Strike 0-2: Strikes out swinging
|
Top of the 5th over - 0 run(s), 0 hit(s), 0 error(s), 0 left on base; Niagara Falls 3 - Baffin Island 1 |
BOTTOM OF THE 5TH |
Baffin Island Beavers batting - Pitching for Niagara Falls Frenzy : RHP Étienne Garcia
|
Batting: LHB Chris Bates
|
0-0: Ball 1-0: Called Strike 1-1: Foul Ball, location: 2F 1-2: Ball 2-2: Foul Ball, location: 2F 2-2: Foul Ball, location: 2F 2-2: Ball 3-2: Ground out 5-3 (Groundball, 5S)
|
Batting: LHB Jeff Cole
|
0-0: Ball 1-0: Ball 2-0: Ball 3-0: Called Strike 3-1: Base on Balls
|
Pitching: RHP Luis López
|
|
Batting: RHB Dave Craig
|
0-0: Swinging Strike 0-1: Ball 1-1: Fly out, F8 (Line Drive, 8RM)
|
Batting: LHB Lorenzo Villa
|
0-0: Ball 1-0: Called Strike 1-1: Foul Ball, location: 2F 1-2: Ball 2-2: Ground out 1-3 (Groundball, 3S)
|
Bottom of the 5th over - 0 run(s), 0 hit(s), 0 error(s), 1 left on base; Niagara Falls 3 - Baffin Island 1 |
TOP OF THE 6TH |
Niagara Falls Frenzy batting - Pitching for Baffin Island Beavers : RHP Juan Gonzáles
|
Batting: RHB Keitaro Suzuki
|
0-0: Ground out 4-3 (Groundball, 4)
|
Batting: RHB Jung-ha Kim
|
0-0: Ball 1-0: Foul Ball, location: 2F 1-1: Foul Ball, location: 2F 1-2: Strikes out swinging
|
Batting: RHB Hidetada Kichida
|
0-0: Foul Ball, location: 2F 0-1: Ground out 6-3 (Groundball, 6)
|
Top of the 6th over - 0 run(s), 0 hit(s), 0 error(s), 0 left on base; Niagara Falls 3 - Baffin Island 1 |
BOTTOM OF THE 6TH |
Baffin Island Beavers batting - Pitching for Niagara Falls Frenzy : RHP Luis López
|
Batting: LHB Mario García
|
0-0: Ball 1-0: Called Strike 1-1: Ball 2-1: Ground out U3 (Groundball, 3S)
|
Batting: LHB Keng-chi Lao
|
0-0: Ground out 6-3 (Groundball, 6)
|
Batting: LHB José Berroa
|
0-0: Fly out, F8 (Popup, 8LS)
|
Bottom of the 6th over - 0 run(s), 0 hit(s), 0 error(s), 0 left on base; Niagara Falls 3 - Baffin Island 1 |
TOP OF THE 7TH |
Niagara Falls Frenzy batting - Pitching for Baffin Island Beavers : RHP Juan Gonzáles
|
Pitching: LHP Manuel Parra
|
|
Batting: RHB Zander Tremblett
|
0-0: Called Strike 0-1: Ground out 4-3 (Groundball, 4)
|
Batting: LHB Dante Owens
|
0-0: Ground out 4-3 (Groundball, 34D)
|
Batting: SHB Martín De Jesús
|
0-0: Ball 1-0: Foul Ball, location: 2F 1-1: Foul Ball, location: 2F 1-2: Ball 2-2: Ball 3-2: Strikes out swinging
|
Top of the 7th over - 0 run(s), 0 hit(s), 0 error(s), 0 left on base; Niagara Falls 3 - Baffin Island 1 |
BOTTOM OF THE 7TH |
Baffin Island Beavers batting - Pitching for Niagara Falls Frenzy : RHP Luis López
|
Batting: LHB Mike MacFadden
|
0-0: Ball 1-0: Ball 2-0: Called Strike 2-1: SINGLE (Groundball, 56D)
|
Batting: RHB Mario López
|
0-0: Reached on error, E5 (Groundball, 5) Mike MacFadden to second
|
Batting: LHB Chris Bates
|
0-0: Ball 1-0: Called Strike 1-1: Swinging Strike 1-2: Ball 2-2: Ball 3-2: Grounds out, U3 (Groundball, 3L) Mike MacFadden to third
|
Pitching: RHP Kimitada Takai
|
|
Batting: LHB Jeff Cole
|
0-0: Ground out 4-3 (Groundball, 4) Mike MacFadden scores Mario López to third
|
Batting: RHB Dave Craig
|
0-0: DOUBLE (Line Drive, 6D) Mario López scores
|
Batting: LHB Lorenzo Villa
|
0-0: Called Strike 0-1: Ball 1-1: Ground out 4-3 (Groundball, 4)
|
Bottom of the 7th over - 2 run(s), 2 hit(s), 1 error(s), 1 left on base; Niagara Falls 3 - Baffin Island 3 |
TOP OF THE 8TH |
Niagara Falls Frenzy batting - Pitching for Baffin Island Beavers : LHP Manuel Parra
|
Pitching: RHP António Ramos
|
|
Batting: RHB Ángel Hinojosa
|
0-0: Swinging Strike 0-1: Ball 1-1: Ball 2-1: Swinging Strike 2-2: Ball 3-2: Foul Ball, location: 2F 3-2: Strikes out swinging
|
Batting: LHB Bill Hall
|
0-0: Ball 1-0: Ball 2-0: SINGLE (Line Drive, 34D)
|
Batting: RHB Luther Stoffels
|
0-0: Ball 1-0: Called Strike 1-1: Bunted foul 1-2: Strikes out swinging
|
Pinch Hitting: RHB Gerald Burnett
|
0-0: Called Strike 0-1: Ball 1-1: Swinging Strike 1-2: Ball 2-2: Strikes out swinging
|
Top of the 8th over - 0 run(s), 1 hit(s), 0 error(s), 1 left on base; Niagara Falls 3 - Baffin Island 3 |
BOTTOM OF THE 8TH |
Baffin Island Beavers batting - Pitching for Niagara Falls Frenzy : RHP Kimitada Takai
|
Now at 1B: Gerald Burnett
|
|
Batting: LHB Mario García
|
0-0: Ball 1-0: Ball 2-0: Ball 3-0: Called Strike 3-1: Base on Balls
|
Batting: LHB Keng-chi Lao
|
0-0: Sac Bunt - play at second, runner OUT! 1-6
|
Batting: LHB José Berroa
|
0-0: Called Strike 0-1: Swinging Strike 0-2: Ball 1-2: Ball 2-2: Strikes out swinging
|
Batting: LHB Mike MacFadden
|
0-0: Ball 1-0: Ball 2-0: Ball 3-0: Called Strike 3-1: Base on Balls Keng-chi Lao to second
|
Batting: RHB Mario López
|
0-0: Ball 1-0: Foul Ball, location: 2F 1-1: Ground out 5-3 (Groundball, 5S)
|
Bottom of the 8th over - 0 run(s), 0 hit(s), 0 error(s), 2 left on base; Niagara Falls 3 - Baffin Island 3 |
TOP OF THE 9TH |
Niagara Falls Frenzy batting - Pitching for Baffin Island Beavers : RHP António Ramos
|
Pitching: RHP Bartolo García
|
|
Batting: RHB Jung-ha Kim
|
0-0: Called Strike 0-1: Called Strike 0-2: Strikes out swinging
|
Batting: RHB Hidetada Kichida
|
0-0: Ball 1-0: Ball 2-0: Called Strike 2-1: Ball 3-1: Ground out 5-3 (Groundball, 5L)
|
Batting: RHB Zander Tremblett
|
0-0: Swinging Strike 0-1: Foul Ball, location: 2F 0-2: Ball 1-2: Ball 2-2: Strikes out looking
|
Top of the 9th over - 0 run(s), 0 hit(s), 0 error(s), 0 left on base; Niagara Falls 3 - Baffin Island 3 |
BOTTOM OF THE 9TH |
Baffin Island Beavers batting - Pitching for Niagara Falls Frenzy : RHP Kimitada Takai
|
Pitching: RHP Esteban Juárez
|
|
Batting: LHB Chris Bates
|
0-0: Ground out 1-3 (Groundball, 25)
|
Batting: LHB Jeff Cole
|
0-0: Ball 1-0: Foul Ball, location: 2F 1-1: Fly out, F9 (Flyball, 9M)
|
Batting: RHB Dave Craig
|
0-0: Swinging Strike 0-1: Ball 1-1: Ball 2-1: Swinging Strike 2-2: Strikes out swinging
|
Bottom of the 9th over - 0 run(s), 0 hit(s), 0 error(s), 0 left on base; Niagara Falls 3 - Baffin Island 3 |
TOP OF THE 10TH |
Niagara Falls Frenzy batting - Pitching for Baffin Island Beavers : RHP Bartolo García
|
Batting: LHB Dante Owens
|
0-0: Foul Ball, location: 2F 0-1: Ground out U3 (Groundball, 3)
|
Batting: SHB Martín De Jesús
|
0-0: Foul Ball, location: 2F 0-1: Ball 1-1: Foul Ball, location: 2F 1-2: Foul Ball, location: 2F 1-2: Foul Ball, location: 2F 1-2: SINGLE (Flyball, 78S)
|
Batting: RHB Ángel Hinojosa
|
0-0: Foul Ball, location: 2F 0-1: Grounds into double play, 6-4-3 (Groundball, 6M)
|
Top of the 10th over - 0 run(s), 1 hit(s), 0 error(s), 0 left on base; Niagara Falls 3 - Baffin Island 3 |
BOTTOM OF THE 10TH |
Baffin Island Beavers batting - Pitching for Niagara Falls Frenzy : RHP Esteban Juárez
|
Batting: LHB Lorenzo Villa
|
0-0: Swinging Strike 0-1: Ball 1-1: Ball 2-1: Swinging Strike 2-2: Strikes out swinging
|
Batting: LHB Mario García
|
0-0: Ball 1-0: Ball 2-0: Ball 3-0: Called Strike 3-1: Foul Ball, location: 2F 3-2: Ground out 6-3 (Groundball, 6)
|
Batting: LHB Keng-chi Lao
|
0-0: Ball 1-0: Fly out, F8 (Flyball, 8LXD)
|
Bottom of the 10th over - 0 run(s), 0 hit(s), 0 error(s), 0 left on base; Niagara Falls 3 - Baffin Island 3 |
TOP OF THE 11TH |
Niagara Falls Frenzy batting - Pitching for Baffin Island Beavers : RHP Bartolo García
|
Batting: LHB Bill Hall
|
0-0: Ball 1-0: Called Strike 1-1: Ball 2-1: Ball 3-1: Base on Balls
|
Batting: RHB Luther Stoffels
|
0-0: Sac Bunt - play at first, batter OUT! 1-4 Bill Hall to second
|
Batting: RHB Gerald Burnett
|
0-0: Intentional Walk
|
Batting: RHB Jung-ha Kim
|
0-0: Called Strike 0-1: Swinging Strike 0-2: Ball Wild Pitch! Bill Hall to third Gerald Burnett to second 1-2: Ball 2-2: Strikes out swinging
|
Batting: RHB Hidetada Kichida
|
0-0: Called Strike 0-1: Ball 1-1: Foul Ball, location: 2F 1-2: SINGLE (Line Drive, 8RS) Bill Hall scores Gerald Burnett to third Runner from 3rd tries for Home, SAFE, no throw or cutoff
|
Pitching: RHP Thierry Garneau
|
|
Batting: RHB Zander Tremblett
|
0-0: Called Strike 0-1: Ball 1-1: Ball 2-1: SINGLE (Groundball, 6MD) Hidetada Kichida to second Runner from 2nd tries for 3rd, OUT after rundown.
|
Top of the 11th over - 2 run(s), 2 hit(s), 0 error(s), 1 left on base; Niagara Falls 5 - Baffin Island 3 |
BOTTOM OF THE 11TH |
Baffin Island Beavers batting - Pitching for Niagara Falls Frenzy : RHP Esteban Juárez
|
Pitching: RHP Ángel Francisco
|
|
Batting: LHB José Berroa
|
0-0: SINGLE (Groundball, 4MD)
|
Batting: LHB Mike MacFadden
|
0-0: Called Strike 0-1: Ball 1-1: Ball 2-1: Ball 3-1: Foul Ball, location: 2F 3-2: Foul Ball, location: 2F 3-2: Fly out, F7 (Flyball, 7M)
|
Batting: RHB Mario López
|
0-0: Called Strike 0-1: Called Strike 0-2: Grounds into double play, 6-4-3 (Groundball, 6)
|
Bottom of the 11th over - 0 run(s), 1 hit(s), 0 error(s), 0 left on base; Niagara Falls 5 - Baffin Island 3 |
|